 Dungeon Crawl Stone Soup version 0.29-a0-822-ga620ab95ad (webtiles) character file.

Game seed: 17091816386638186844

130 Locuples the Cudgeller (level 4, 0/41 HPs)
             Began as a Minotaur Berserker on July 8, 2022.
             Was a Believer of Trog.
             Slain by an orc
             ... wielding a +1 dagger of electrocution
              (18 damage)
             ... on level 3 of the Dungeon.
             The game lasted 00:04:47 (2482 turns).

Locuples the Cudgeller (Minotaur Berserker)         Turns: 2482, Time: 00:04:48

Health: 0/41       AC:  9    Str: 21    XL:     4   Next: 89%
Magic:  3/3        EV:  8    Int:  4    God:    Trog [**....]
Gold:   229        SH:  3    Dex: 12    Spells: 3/3 levels left

rFire   . . .      SeeInvis .   a - +0 mace
rCold   + . .      Faith    .   f - +0 buckler
rNeg    . . .      Spirit   .   l - +0 chain mail
rPois   +          Reflect  .   (helmet restricted)
rElec   .          Harm     .   (no cloak)
rCorr   .          Rampage  .   (no gloves)
Will    .....                   (no boots)
Stlth   ..........              (no amulet)
HPRegen 0.13/turn               k - ring of protection from cold
MPRegen 0.08/turn               o - ring of poison resistance

@: no status effects
A: horns 2, retaliatory headbutt
a: Renounce Religion, Berserk, Trog's Hand


You were on level 3 of the Dungeon.
You worshipped Trog.
Trog was pleased with you.
You visited 1 branch of the dungeon, and saw 3 of its levels.

You collected 229 gold pieces.

Inventory:

Hand Weapons
 a - a +0 mace (weapon)
Armour
 f - a +0 buckler (worn)
 l - a +0 chain mail (worn)
Jewellery
 k - a ring of protection from cold (left hand)
 o - a ring of poison resistance (right hand)
Wands
 b - a wand of acid (13)
Scrolls
 d - 2 scrolls of teleportation {unknown}
 g - a scroll of fear {unknown}
 i - 3 scrolls of identify {unknown}
 n - a scroll of poison {unknown}
Potions
 c - a potion of mutation {unknown}
 e - a potion of flight {unknown}
 h - a potion of cancellation {unknown}
 j - 2 potions of heal wounds {unknown}
 m - 2 potions of curing {unknown}
 p - a potion of attraction {unknown}


   Skills:
 + Level 4.6 Fighting
 + Level 5.3 Maces & Flails
 + Level 3.2 Armour
 + Level 2.7 Dodging
 + Level 0.5 Shields


You had 3 spell levels left.
You didn't know any spells.
Your spell library was empty.

Dungeon Overview and Level Annotations

Branches:
Dungeon (3/15)

Altars:
Yredelemnul


Innate Abilities, Weirdness & Mutations

You have a pair of horns on your head.
You reflexively headbutt those who attack you in melee.


Message History

You see here a +0 mace.
You barely miss the orc. The orc hits you with a +0 mace.
You thump the orc!
You kill the orc!
Trog accepts your kill.
Things that are here:
a +0 mace; an orc corpse You feel a strong urge to attack something.
Found 18 gold pieces.
You are no longer berserk.
You are exhausted.
You feel yourself slow down.
Found 10 gold pieces.
Things that are here:
a +0 mace; an orc corpse You see here a +0 mace.
Things that are here:
a +0 club; a +0 sling; a goblin corpse You see here an orb of energy.
You feel yourself speed up.
You recover from your berserk rage.
Things that are here:
a +0 club; a +0 sling; a goblin corpse You see here a +0 mace.
Things that are here:
a +0 mace; an orc corpse You now have 211 gold pieces (gained 10).
You now have 229 gold pieces (gained 18).
As you open the door, it creaks loudly!
You hear a shout!
An orc comes into view.
It is wielding a +1 dagger of electrocution.
The orc jeers loudly.
There is an open door here.
The orc hits you but does no damage.
You barely miss the orc.
The orc hits you with a +1 dagger of electrocution.
The orc hits you but does no damage.
You are electrocuted!!
You closely miss the orc. You block the orc's attack.
You hit the orc but do no damage. Your headbutt misses the orc.
The orc hits you but does no damage.
You are electrocuted!!
You die...

### ..# #.# #.#
#o########
#@#......###
#.#........#
#.'........#
###........#
#........#
######...#
######...#######
#................
#.#######.#######


You could see an orc.

Vanquished Creatures
  An orc priest (D:2)
  3 adders
  A worm (D:2)
  4 dart slugs
  5 orcs
  4 endoplasms
  4 giant cockroaches
  3 hobgoblins
  3 jackals (D:1)
  3 kobolds
  2 quokkas (D:1)
  3 ball pythons
  10 bats
  2 frilled lizards
  4 goblins
  3 rats (D:1)
  A spectral orc (D:3)
56 creatures vanquished.

Vanquished Creatures (others)
  A plant (D:1)
1 creature vanquished.

Grand Total: 57 creatures vanquished

Notes
Turn   | Place    | Note
-------+----------+-------------------------------------------
     0 | D:1      | Locuples the Minotaur Berserker began the quest for the
                  | Orb.
     0 | D:1      | Reached XP level 1. HP: 19/19 MP: 0/0
   220 | D:1      | Reached skill level 4 in Maces & Flails
   221 | D:1      | Reached XP level 2. HP: 23/27 MP: 1/1
   562 | D:1      | Found a faded altar of an unknown god.
  1040 | D:2      | Reached XP level 3. HP: 33/33 MP: 2/2
  1281 | D:2      | Reached XP level 4. HP: 41/41 MP: 3/3
  1288 | D:2      | Reached skill level 5 in Maces & Flails
  1289 | D:2      | Reached ** piety under Trog
  2336 | D:3      | Found a basalt altar of Yredelemnul.
  2482 | D:3      | Slain by an orc

Illustrated notes

Levels and vault maps discovered:
D:1:      lightli_arrival_boilingwater, layout_basic, serial_forest,
          infiniplex_forest_corner_2, infiniplex_forest_zigzag_2,
          infiniplex_forest_clump_diagonal, infiniplex_forest_clump_long,
          infiniplex_forest_clump_diagonal, infiniplex_forest_straight_2,
          infiniplex_forest_lined_3, infiniplex_forest_clump_C,
          infiniplex_forest_clump_tiny, infiniplex_forest_lined_room_3,
          shapermc_ecumenical_altar_starsandcircs, minmay_heptomino_o4
D:2:      layout_basic, lightli_corner_chamber
D:3:      layout_basic, yredelemnul_forgotten_temple_becter

Skill      XL: |  1  2  3  4 |
---------------+-------------+-----
Maces & Flails | 4 5 |  5.3
Fighting       | 4 |  4.6
Armour         | 3 |  3.2
Dodging        | |  2.7
Shields        | |  0.5

Action                   |  1- 3 |  4- 6 || total
-------------------------+-------+-------++-------
Melee: Mace              |    80 |    66 ||   146
       Headbutt          |    11 |     6 ||    17
Invok: Berserk           |     1 |     1 ||     2
  Use: Potion            |       |     1 ||     1
Armor: Animal skin       |    17 |       ||    17
       Chain mail        |    28 |    34 ||    62
Dodge: Dodged            |    57 |    40 ||    97
Block: Buckler           |    11 |    11 ||    22

Table legend: (Time is in decaauts)
 A = Elapsed time spent in this place.
 B = Non-inter-level travel time spent in this place.
 C = Inter-level travel time spent in this place.
 D = Time resting spent in this place.
 E = Time spent auto-exploring this place.
 F = Levels seen in this place.
 G = Mean time per level.
                   A        B        C        D        E       F      G
               +--------+--------+--------+--------+--------+-----+--------+
         Total |   2531 |   2531 |      0 |      4 |   1939 |   3 |  843.7 |
       Dungeon |   2531 |   2531 |      0 |      4 |   1939 |   3 |  843.7 |
               +--------+--------+--------+--------+--------+-----+--------+

Top non-repeatable levels by time:
     D:1: 1046 daAuts
     D:2: 997 daAuts
     D:3: 487 daAuts
